cohdb
Replays
Latest Replays
All Replays
Popular Replays
Top Player Replays
Match Explorer
How It Works
Community
CoH3 Stats
Reddit
Sign in to upload your games and track your stats! →
Sign in with Steam
Match 31855880
Unlisted
Match 31855880
Overview
Messages
Build Orders
End
Construct Section Command Post
Vickers Machine Gun Team
ML 3-inch Mortar Team
Infantry Section
Grenade Package
Infantry Section
Construct Field Infirmary
Selects Australian Defense Battlegroup
Selects Australian Light Infantry Section
Selects CMP 15cwt Supply Run
CMP 15cwt Supply Run
Construct Platoon Command Post
6-pounder Anti-tank Gun Team
Selects Reinforced Resource Caches
Unlock Bishop Self-propelled Artillery
Dwight
Raze
Drach42
Nukepapa
byza
Der Albaner
0
0
Comments
sign in to comment!
No comments posted yet!